 Dungeon Crawl Stone Soup version 0.30-a0-459-g9104f0fc43 (webtiles) character file.

Game seed: 10708506333073956066

42 funkygono the Firebug (level 3, 0/24 HPs)
             Began as a Demonspawn Fire Elementalist on Dec 15, 2022.
             Slain by Sigmund
             ... wielding a +0 scythe of protection
              (3 damage)
             ... on level 2 of the Dungeon.
             The game lasted 00:01:38 (1653 turns).

funkygono the Firebug (DsFE)                        Turns: 1653, Time: 00:01:39

Health: 0/24       AC:  3    Str:  8    XL:     3   Next: 33%
Magic:  1/6        EV: 12    Int: 18    God:
Gold:   102        SH:  0    Dex: 13    Spells: 1/7 levels left

rFire   . . .      SeeInvis .    m - +0 long sword
rCold   . . .      Faith    .    (no shield)
rNeg    . . .      Spirit   .    a - +0 robe
rPois   .          Reflect  .    (no helmet)
rElec   .          Harm     .    (no cloak)
rCorr   .          Rampage  .    l - +0 pair of gloves
Will    .....                    (no boots)
Stlth   ++........               (no amulet)
HPRegen 0.24/turn                (no ring)
MPRegen 0.10/turn                (no ring)

@: no status effects
A: hooves 2
a: no special abilities


You were on level 2 of the Dungeon.
You visited 1 branch of the dungeon, and saw 2 of its levels.

You collected 102 gold pieces.

Inventory:

Hand Weapons
 g - a +0 whip
 m - a +0 long sword (weapon)
Armour
 a - a +0 robe (worn)
 f - a +0 leather armour
 l - a +0 pair of gloves (worn)
Scrolls
 d - 2 scrolls of identify {unknown}
 i - a scroll of teleportation {unknown}
 k - a scroll of blinking {unknown}
 n - a scroll of magic mapping {unknown}
Potions
 c - a potion of ambrosia {unknown}
 e - a potion of attraction {unknown}
 h - 2 potions of brilliance {unknown}
 j - 3 potions of degeneration {unknown}
 o - a potion of haste {unknown}
 p - a potion of lignification {unknown}


   Skills:
 + Level 1.9 Dodging
 - Level 1.7 Stealth
 + Level 2.5 Spellcasting
 + Level 1.2 Conjurations
 + Level 3.5 Fire Magic


You had one spell level left.
You knew the following spells:

 Your Spells              Type           Power      Damage    Failure   Level
a - Foxfire               Conj/Fire      40%        2x1d6     6%          1
b - Scorch                Fire           30%        2d6       6%          2
c - Kindle Blastsparks    Fire/Tloc/Air  12%        2d11      32%         3

Your spell library contained the following spells:

 Spells                   Type           Power      Damage    Failure   Level
 Inner Flame              Hex/Fire       8%         N/A       26%         3
 Flame Wave               Conj/Fire      10%        2d6       54%         4


Dungeon Overview and Level Annotations

Branches:
Dungeon (2/15)

Altars:

Annotations:
D:2 Sigmund


Innate Abilities, Weirdness & Mutations

You have hoof-like feet.


Message History

Flames lash Sigmund but do no damage.
The foxfire hits Sigmund but does no damage. x3
Unknown command.
Casting: Scorch (safe; 6% risk of failure)
Confirm with . or Enter, or press ? or * to list all spells.
You don't know that spell.
Sorry, you're not good enough to have a special ability.
Unknown command.
Casting: Scorch (safe; 6% risk of failure)
Confirm with . or Enter, or press ? or * to list all spells.
Flames lash Sigmund.
Sigmund is lightly wounded.
Sigmund's fire resistance burns away.
Your foxfire dissipates!
Sigmund hits you from afar with a +0 scythe of protection.
Magic courses through your body. Sigmund casts a spell at you.
The magic dart hits you!
* * * LOW HITPOINT WARNING * * *
Casting: Scorch (safe; 6% risk of failure)
Confirm with . or Enter, or press ? or * to list all spells.
Flames lash Sigmund.
Sigmund is burned terribly!
Sigmund is moderately wounded.
Sigmund barely misses you.
Casting: Scorch (safe; 6% risk of failure)
Confirm with . or Enter, or press ? or * to list all spells.
Flames lash Sigmund.
Sigmund is burned terribly!
Sigmund is heavily wounded.
Casting: Scorch (safe; 6% risk of failure)
Confirm with . or Enter, or press ? or * to list all spells.
Flames lash Sigmund but do no damage.
Sigmund barely misses you.
Unknown command.
Sigmund barely misses you.
You hit Sigmund but do no damage. Your kick misses Sigmund.
Sigmund is heavily wounded.
Sigmund closely misses you.
You hit Sigmund but do no damage.
Sigmund is heavily wounded.
Sigmund hits you with a +0 scythe of protection.
You die...

#.. #.# #.. ###
### ... ... ...
#.####.# ....
#.#.##.# ..#..
#@#.##.##.....
####@#.##.........
#.................
####.#.##.#>......
###.#.##.........
.................
####...##....#..
#...#.........
+...'.........
#...#..#..#..#..


You could see Sigmund (combustible).

Vanquished Creatures
  2 adders (D:2)
  A worm (D:2)
  A dart slug (D:2)
  A giant cockroach (D:1)
  2 goblins
  A hobgoblin (D:2)
  2 jackals (D:2)
  3 kobolds (D:1)
  3 quokkas (D:2)
  2 rats
18 creatures vanquished.

Vanquished Creatures (others)
  58 foxfires
58 creatures vanquished.

Grand Total: 76 creatures vanquished

Notes
Turn   | Place    | Note
-------+----------+-------------------------------------------
     0 | D:1      | funkygono the Demonspawn Fire Elementalist began the quest
                  | for the Orb.
     0 | D:1      | Reached XP level 1. HP: 13/13 MP: 3/3
   269 | D:1      | Found a faded altar of an unknown god.
   298 | D:1      | Reached skill level 3 in Fire Magic
   875 | D:2      | Gained mutation: You have large cloven feet. [demonic
                  | ancestry]
   875 | D:2      | Reached XP level 2. HP: 19/19 MP: 1/5
   878 | D:2      | Learned a level 2 spell: Scorch
  1191 | D:2      | Gained mutation: You have hoof-like feet. [demonic
                  | ancestry]
  1191 | D:2      | Reached XP level 3. HP: 24/24 MP: 2/6
  1195 | D:2      | Learned a level 3 spell: Kindle Blastsparks
  1641 | D:2      | Noticed Sigmund
  1647 | D:2      | HP: 1/24 [Sigmund/magic dart (8)]
  1653 | D:2      | Slain by Sigmund

Illustrated notes

Levels and vault maps discovered:
D:1:      dpeg_arrival_tiny_f, layout_basic, ebering_ecumenical_altar_petrified
D:2:      layout_basic, uniq_sigmund

Skill      XL: |  1 |
---------------+----+-----
Fire Magic     | 3 |  3.5
Dodging        | |  1.9
Stealth        | |  1.7
Spellcasting   | |  2.5
Conjurations   | |  1.2

Action                   || total
-------------------------++-------
Melee: Long sword        ||     4
       Kick              ||     1
 Cast: Foxfire           ||    33
       Scorch            ||     7
  Use: Potion            ||     1
Dodge: Dodged            ||     6

Table legend: (Time is in decaauts)
 A = Elapsed time spent in this place.
 B = Non-inter-level travel time spent in this place.
 C = Inter-level travel time spent in this place.
 D = Time resting spent in this place.
 E = Time spent auto-exploring this place.
 F = Levels seen in this place.
 G = Mean time per level.
                   A        B        C        D        E       F      G
               +--------+--------+--------+--------+--------+-----+--------+
         Total |   1652 |   1578 |     74 |     32 |   1393 |   2 |  826.0 |
       Dungeon |   1652 |   1578 |     74 |     32 |   1393 |   2 |  826.0 |
               +--------+--------+--------+--------+--------+-----+--------+

Top non-repeatable levels by time:
     D:1: 870 daAuts
     D:2: 782 daAuts
